 Dungeon Crawl Stone Soup version 0.28.0-53-g5a82cb258f (webtiles) character file.

Game seed: 17640556291377716068

232 Eitelfritz the Chopper (level 6, -12/53 HPs)
             Began as a Hill Orc Fighter on May 31, 2022.
             Mangled by Duvessa
             ... wielding a +1 rapier of venom
              (15 damage)
             ... on level 4 of the Dungeon.
             The game lasted 00:05:33 (3064 turns).

Eitelfritz the Chopper (Hill Orc Fighter)           Turns: 3064, Time: 00:05:33

Health: -12/53     AC: 11    Str: 21    XL:     6   Next: 4%
Magic:  6/6        EV:  9    Int:  8    God:
Gold:   114        SH:  4    Dex: 10    Spells: 5/5 levels left

rFire   . . .      SeeInvis .   a - +0 war axe
rCold   . . .      Faith    .   c - +0 buckler
rNeg    + . .      Spirit   .   b - +0 scale mail
rPois   .          Reflect  .   m - +2 helmet
rElec   .          Harm     .   (no cloak)
rCorr   .          Rampage  .   f - +0 pair of gloves
Will    .....                   (no boots)
Stlth   ..........              j - amulet of the acrobat
HPRegen 0.17/turn               q - ring of positive energy
MPRegen 0.10/turn               (no ring)

@: mighty, lethally poisoned (-12 -> -33)
A: no striking features
a: no special abilities


You were on level 4 of the Dungeon.
You visited 1 branch of the dungeon, and saw 4 of its levels.

You collected 114 gold pieces.

Inventory:

Hand Weapons
 a - a +0 war axe (weapon)
Missiles
 n - 6 atropa-tipped darts (quivered)
Armour
 b - a +0 scale mail (worn)
 c - a +0 buckler (worn)
 f - a +0 pair of gloves (worn)
 m - a +2 helmet (worn)
Jewellery
 j - an amulet of the acrobat (around neck)
 q - a ring of positive energy (left hand)
 r - a ring of ice
Wands
 p - a wand of mindburst (20)
 s - a wand of iceblast (8)
 u - a wand of polymorph (10)
Scrolls
 h - a scroll of teleportation
Potions
 d - a potion of might
 e - a potion of attraction
 k - a potion of curing
 t - a potion of berserk rage


   Skills:
 + Level 4.5 Fighting
 + Level 5.6 Axes
 + Level 4.3 Armour
 + Level 1.1 Dodging
 + Level 3.9 Shields


You had 5 spell levels left.
You didn't know any spells.
Your spell library contained the following spells:

 Spells                   Type           Power      Damage    Failure   Level
 Animate Skeleton         Necr           0%         N/A       83%         1
 Pain                     Necr           0%         1d4       83%         1
 Vampiric Draining        Necr           0%         2d6       99%         3


Dungeon Overview and Level Annotations

Branches:
Dungeon (4/15)
 Temple: D:4-7

Altars:
Hepliaklqana
Trog
Wu Jian

Annotations:
D:4 Duvessa


Message History

You are more poisoned.
You slash Duvessa!
Duvessa is moderately wounded.
You slash Dowan!
You feel very sick. Dowan hits you but does no damage.
You are more poisoned.
Duvessa hits you but does no damage.
You are more poisoned.
Dowan completely misses you. Duvessa hits you but does no damage.
You are lethally poisoned!
You barely miss Duvessa.
Duvessa is moderately wounded.
You slash Dowan!
You feel extremely sick. Dowan hits you but does no damage.
You are more poisoned.
Duvessa hits you with a +1 rapier of venom.
You are more poisoned.
You feel better.
Dowan hits you with a +2 dagger of venom.
Duvessa hits you but does no damage.
You are poisoned.
You barely miss Duvessa.
Duvessa is moderately wounded.
You barely miss Dowan.
You feel sick. Dowan casts a spell at you. The puff of frost hits you.
You block Duvessa's attack.
Unknown command.
You hit Duvessa.
Duvessa is moderately wounded.
You slash Dowan!
You kill Dowan!
Duvessa weeps, and shakes her weapon.
Duvessa goes berserk!
You feel sick.
Duvessa hits you with a +1 rapier of venom!
* * * LOW HITPOINT WARNING * * *
You are lethally poisoned!
Duvessa hits you with a +1 rapier of venom!
You die...

.....##.##
.............
......#..........<.
...................
#...../.#..........
#.......#.##..#....
#.....)e#..#......
#.....@.........
##.#[.......#.
#.........<#
#................#
#..................
#.#........#....##.
#......###.>##.....
....... ...# #..?##
..##.. ..... ...#


You could see Duvessa (berserk).

Vanquished Creatures
  Dowan (D:4)
  Jessica (D:2)
  9 gnolls
  5 adders
  4 worms
  5 ball pythons
  7 endoplasms
  3 giant cockroaches (D:1)
  6 hobgoblins
  2 jackals
  4 kobolds
  4 quokkas
  5 bats
  3 frilled lizards (D:1)
  5 goblins
  5 rats
69 creatures vanquished.

Notes
Turn   | Place    | Note
-------+----------+-------------------------------------------
     0 | D:1      | Eitelfritz the Hill Orc Fighter began the quest for the
                  | Orb.
     0 | D:1      | Reached XP level 1. HP: 19/19 MP: 1/1
    87 | D:1      | Reached XP level 2. HP: 27/27 MP: 2/2
   222 | D:1      | Reached skill level 3 in Axes
   340 | D:1      | Reached XP level 3. HP: 32/33 MP: 3/3
   633 | D:1      | Reached XP level 4. HP: 7/40 MP: 4/4
   892 | D:1      | Reached skill level 4 in Axes
  1187 | D:2      | Reached XP level 5. HP: 26/47 MP: 5/5
  1238 | D:2      | Noticed Jessica
  1243 | D:2      | Killed Jessica
  1244 | D:2      | Reached skill level 5 in Axes
  1364 | D:2      | Found a faded altar of an unknown god.
  1909 | D:3      | Found a bloodstained altar of Trog.
  2075 | D:3      | Found a hazy altar of Hepliaklqana.
  2259 | D:3      | Found an ornate altar of the Wu Jian Council.
  2704 | D:3      | Reached skill level 1 in Dodging
  2709 | D:3      | Reached XP level 6. HP: 53/53 MP: 6/6
  3053 | D:4      | Noticed Dowan
  3054 | D:4      | Noticed Duvessa
  3064 | D:4      | Killed Dowan
  3064 | D:4      | Mangled by Duvessa

Illustrated notes

Levels and vault maps discovered:
D:1:      dpeg_arrival_more_subterranean_lakeside_camping, layout_rooms
D:2:      layout_rooms, hellmonk_ecumenical_altar_heavens_door,
          minmay_misc_feat_square, uniq_jessica
D:3:      layout_basic, mainiacjoe_overflow_24_doors,
          nicolae_wu_jian_glorious_leap, mainiacjoe_overflow_catwalk,
          minmay_misc_feat_enclosed
D:4:      kennysheep_six_static_rooms, layout_cave_pools,
          fedhas_altar_fruit_tree, enter_ossuary_1,
          amcnicky_mini_corridor_feature, uniq_duvessa

Skill      XL: |  1  2  3  4  5 |
---------------+----------------+-----
Fighting       | 4 |  4.5
Axes           | 3 4 5 |  5.6
Armour         | 4 |  4.3
Dodging        | 1 |  1.1
Shields        | |  3.9

Action                   |  1- 3 |  4- 6 || total
-------------------------+-------+-------++-------
Melee: War axe           |    86 |    89 ||   175
  Use: Scroll            |       |    10 ||    10
       Potion            |       |     2 ||     2
Armor: Scale mail        |    60 |    35 ||    95
Dodge: Dodged            |    52 |    37 ||    89
Block: Buckler           |    28 |    19 ||    47
